 Dungeon Crawl Stone Soup version 0.15-a0-717-ga3c592f (webtiles) character file.

48 MDvedh the Cudgeler (level 3, 23/23 HPs)
             Began as a Gargoyle Berserker on May 5, 2014.
             Was a Believer of Trog.
             Quit the game on Level 2 of the Dungeon on May 10, 2014.
             The game lasted 00:01:54 (1823 turns).

MDvedh the Cudgeler (Gargoyle Berserker)            Turns: 1823, Time: 00:01:54

HP  23/23        AC  5     Str 21      XL: 3   Next: 72%
MP   3/3         EV 12     Int  7      God: Trog [**....]
Gold 68          SH  0     Dex  9      Spells:  0 memorised,  2 levels left

rFire  . . .     SeeInvis +     a - +0 mace
rCold  . . .     Clarity  .     b - +0 animal skin
rNeg   + . .     Conserve .     (no shield)
rPois  +         rCorr    .     (no helmet)
rElec  +         rRot     +     (no cloak)
SustAb . .       Spirit   .     (no gloves)
rMut   .         Warding  .     (no boots)
Gourm  .         Stasis   .     (no amulet)
MR     .....                    (no ring)
                                l - ring of see invisible

@: not resistant to hostile enchantments, very unstealthy
A: life protection 1, electricity resistance, unbreathing, petrification
resistance, AC +3
a: Burn Spellbooks, Berserk, Trog's Hand, Renounce Religion


You were on level 2 of the Dungeon.
You worshipped Trog.
Trog was pleased with you.
You were hungry.

You visited 1 branch of the dungeon, and saw 2 of its levels.

You collected 68 gold pieces.

Inventory:

Hand weapons
 a - a +0,+0 mace (weapon)
Armour
 b - a +0 animal skin (worn)
Comestibles
 c - 3 bread rations
 g - a pear
Scrolls
 d - a scroll of enchant weapon I {unknown}
 h - a scroll of noise {unknown}
 i - 4 scrolls of identify {unknown}
 k - a scroll of recharging {unknown}
 n - a scroll of enchant armour {unknown}
 p - a scroll of immolation {unknown}
Jewellery
 l - a ring of see invisible (left hand)
 o - an uncursed ring of sustain abilities {unknown}
Potions
 e - a potion of invisibility {unknown}
 f - a potion of curing {unknown}
 j - a potion of agility {unknown}
 m - 2 potions of resistance {unknown}


   Skills:
 - Level 3.2 Fighting
 + Level 5.0 Maces & Flails
 - Level 2.1 Armour
 - Level 1.5 Dodging


You had 2 spell levels left.
You didn't know any spells.

Dungeon Overview and Level Annotations

Branches:
Dungeon (2/15)

Altars:
Yredelemnul
Zin


Innate Abilities, Weirdness & Mutations

You are resistant to torment.
You are immune to poison.
You are immune to rotting.
Your stone body is very resilient (AC +3).
You resist negative energy.
You are resistant to electric shocks.
You can survive without breathing.
You are immune to petrification.


Message History

No target in view!
No target in view!
No target in view!
There is an open door here.
Found 16 stones.
You see here 16 stones.
You see here 17 sling bullets.
You see here 17 sling bullets.
Done exploring.
Done exploring.
Done exploring.
Done exploring.
Done exploring.
No target in view!
No target in view!
Saving game... please wait.
Welcome back, MDvedh the Gargoyle Berserker.
Trog says: Kill them all!
Press ? for a list of commands and other information.
Are you sure you want to abandon this character and quit the game? (Confirm with "yes".)

#..###.###.♣♣ #)#..<.#.♣♣._
#.#.##....... #.#.#........
######## #.#.#........
##......###### #..)...#.....
...##........####
###>##.##....
#.....#......##.## #.......##.
...####........#@# ####.######
##...........##.## #...# #
######......##.# #...# # #
###.##.##.# #...# # #
###.......# #...# # #
####......#..# #...#####
#.......#....# #######...#...#
#
#.......#....###..............
#
#.............................


There were no monsters in sight!

Vanquished Creatures
  An adder (D:2)
  5 giant geckos
  A ball python (D:2)
  5 bats
  2 goblins (D:1)
  4 hobgoblins (D:1)
  4 giant cockroaches
  3 giant newts (D:1)
  4 kobolds
  7 rats
36 creatures vanquished.

Notes
Turn   | Place    | Note
--------------------------------------------------------------
     0 | D:1      | MDvedh, the Gargoyle Berserker, began the quest for the Orb.
     0 | D:1      | Reached XP level 1. HP: 14/14 MP: 1/1
   314 | D:1      | Reached XP level 2. HP: 13/19 MP: 2/2
   368 | D:1      | Reached skill level 4 in Maces & Flails
   937 | D:1      | Reached XP level 3. HP: 23/23 MP: 3/3
   940 | D:1      | Acquired Trog's second power
  1448 | D:2      | Found a glowing silver altar of Zin.
  1513 | D:2      | Reached skill level 5 in Maces & Flails
  1711 | D:2      | Found a basalt altar of Yredelemnul.
  1823 | D:2      | Upgraded the game from 0.15-a0-413-gc6111ba to 0.15-a0-717-ga3c592f
  1823 | D:2      | Quit the game

Action                   || total
-------------------------++-------
Melee: Mace              ||   103
